Map: 缀蓝秋原-天梯版

Players

PtitDrogo

  • Race: Protoss Protoss
  • Spawn Location: 1:00

cloudy - Winner!

  • Race: Protoss Protoss
  • Spawn Location: 7:00

Event: WCS Montreal 2018

VOD

Have the link to the VOD?

Description

Time

  • Played on: Sept. 7, 2018, 12:56 p.m.
  • Length: 5:26

All games in this series

Show
View Real Time Build Order
Export as new Build Order

PtitDrogo Protoss 

Build Orders:  

Get SALT Encoding   

  12  0:00  Probe  
  13  0:12  Probe  
  14  0:17  Pylon  
  14  0:24  Probe  
  15  0:32  Probe  
  15  0:40  Gateway, Probe  
  16  0:46  Assimilator  
  17  0:50  Probe  
  17  0:55  Assimilator  
  18  0:59  Probe  
  19  1:07  Probe  
  20  1:15  Gateway  
  20  1:17  Probe  
  21  1:26  Cybernetics Core  
  21  1:30  Probe  
  22  1:34  Pylon  
  22  1:42  Probe  
  24  1:54  Warp Gate, Probe  
  24  2:02  Stalker  
  24  2:03  Sentry  
  28  2:12  Pylon  
  28  2:32  Stalker, Sentry  
  32  2:44  Probe  
  33  2:47  Nexus  
  33  2:50  Shield Battery  
  33  2:57  Probe  
  34  3:01  Sentry  
  34  3:02  Stalker  
  38  3:09  Pylon  
  38  3:17  Probe  
  32  3:29  Probe  
  33  3:41  Probe  
  30  3:57  Stalker x2  
  30  4:01  Gateway  
  30  4:02  Probe  
  35  4:04  Shield Battery  
  35  4:08  Gateway  
  35  4:23  Stalker x2  
  39  4:28  Pylon  
  39  4:43  Probe  
  40  4:46  Stalker x2  
  40  4:51  Probe  
  41  5:02  Probe  
  39  5:09  Stalker  
  39  5:12  Stalker  
Show
View Real Time Build Order
Export as new Build Order

cloudy Protoss - Winner!

Build Orders: Oracle Opening 

Get SALT Encoding   

  12  0:01  Probe  
  13  0:13  Probe  
  14  0:18  Pylon  
  14  0:25  Probe  
  15  0:34  Probe  
  15  0:38  Gateway  
  15  0:42  Probe  
  17  0:51  Probe  
  17  0:54  Assimilator  
  18  0:59  Assimilator  
  18  1:00  Probe  
  19  1:09  Probe  
  19  1:12  Gateway  
  20  1:20  Probe  
  21  1:27  Cybernetics Core  
  21  1:32  Probe  
  22  1:38  Pylon  
  22  1:45  Probe  
  23  1:49  Pylon  
  23  1:58  Probe  
  24  2:05  Adept  
  24  2:07  Adept  
  28  2:18  Stargate  
  28  2:22  Warp Gate  
  28  2:28  Probe  
  28  2:54  Oracle  
  28  2:57  Nexus  
  31  3:07  Probe  
  32  3:24  Probe  
  32  3:27  Oracle  
  33  3:32  Robotics Facility  
  34  3:48  Stalker x2  
  36  3:59  Shield Battery  
  36  4:00  Shield Battery  
  36  4:04  Pylon  
  36  4:16  Pylon  
  36  4:23  Immortal  
  40  4:28  Sentry  
  40  4:30  Zealot  
  44  4:42  Gateway  
  44  4:43  Pylon  
  44  5:02  Stalker, Observer  
  46  5:09  Sentry  
Tags
 
Add a new tag
Caveats
  • Supply blocks, unpowered buildings, or Contaminate may cause inaccurate times.
  • Supply counts are checked every 10 seconds.